 Dungeon Crawl Stone Soup version 0.19-a0-1188-g4c2e17c (webtiles) character file.

28 trogs the Magician (level 2, -5/15 HPs)
             Began as a Deep Elf Wizard on Aug 18, 2016.
             Engulfed by a cloud of flame (20 damage)
             ... on level 2 of the Dungeon.
             The game lasted 00:08:05 (1043 turns).

trogs the Magician (Deep Elf Wizard)                Turns: 1043, Time: 00:08:06

Health: -5/15      AC:  3    Str:  4    XL:     2   Next: 96%
Magic:  5/9        EV: 13    Int: 22    God:
Gold:   67         SH:  0    Dex: 13    Spells: 2 memorised, 7 levels left

rFire  . . .     SeeInvis .     i - +0 dagger
rCold  . . .     Gourm    .     a - +0 robe
rNeg   . . .     Faith    .     (no shield)
rPois  .         Spirit   .     b - +0 hat
rElec  .         Dismiss  .     g - +0 cloak
rCorr  .         Reflect  .     (no gloves)
MR     .....     Harm     .     (no boots)
Stlth  ++........               (no amulet)
                                (no ring)
                                (no ring)

@: no status effects
A: no striking features
a: no special abilities


You were on level 2 of the Dungeon.
You were not hungry.

You visited 1 branch of the dungeon, and saw 2 of its levels.

You collected 67 gold pieces.

Inventory:

Hand Weapons
 i - a +0 dagger (weapon)
Armour
 a - a +0 robe (worn)
 b - a +0 hat (worn)
 g - a +0 cloak (worn)
Scrolls
 e - 2 scrolls of blinking {unknown}
 k - a scroll of fear {unknown}
Potions
 j - a potion of cancellation {unknown}
Books
 c - a book of Minor Magic

   Spells                             Type                      Level
   a - Magic Dart                     Conjuration                  1
   b - Blink                          Translocation                2
   c - Call Imp                       Summoning                    2
   d - Repel Missiles                 Charms/Air                   2
   e - Slow                           Hexes                        2
   f - Conjure Flame                  Conjuration/Fire             3
   g - Mephitic Cloud                 Conjuration/Poison/Air       3
Comestibles
 d - a bread ration
 h - a meat ration


   Skills:
 + Level 3.2 Dodging
 - Level 2.4 Stealth
 + Level 4.8 Spellcasting
 + Level 1.9 Conjurations
   Level 1.1 Summonings
 + Level 1.4 Translocations


You had 7 spell levels left.
You knew the following spells:

 Your Spells              Type           Power        Failure   Level  Hunger
a - Magic Dart            Conj           ##..         6%          1    None
b - Blink                 Tloc           N/A          10%         2    None


Dungeon Overview and Level Annotations

Branches:
Dungeon (2/15)

Altars:


Message History

Confirm with . or Enter, or press ? or * to list all spells.
Aiming: Magic Dart
Press: ? - help, Shift-Dir - straight line, f/p - dart slug
Aim: a dart slug (almost dead, clinging)
The magic dart hits the dart slug.
You kill the dart slug!
Really walk into a travel-excluded area?
Uppercase [Y]es or [N]o only, please.
Really walk into a travel-excluded area?
Found 8 gold pieces.
Really walk into a travel-excluded area?
Uppercase [Y]es or [N]o only, please.
Really walk into a travel-excluded area?
Your magical contamination has completely faded away.
Really walk into that cloud of flame?
Okay, then.
Really walk into that cloud of flame?
You are engulfed in roaring flames.
Ouch! That really hurt!
You die...

....># ####.#
####.############
.....#..........#
.....#..........#
.....#..........#
.###.#..........###
.# #.#....#####...#
.###.#....# #§@§#
..##.#....# #§§§#
..##.#....# #§§§#
..##.#....#####...#
...#.#.....§§§.$$..
.#.#.#..<..§§§...$.§
.#.#.#.....§§§†.$..§
.#...#....#####...###
.##..####.# §§


There were no monsters in sight!

Vanquished Creatures
  A dart slug (D:2)
  A giant gecko (D:2)
  A ball python (D:2)
  A giant cockroach (D:2)
  5 hobgoblins
  2 jackals (D:1)
  5 bats
  2 giant newts (D:1)
  4 goblins
  A rat (D:2)
23 creatures vanquished.

Notes
Turn   | Place    | Note
-------+----------+-------------------------------------------
     0 | D:1      | trogs the Deep Elf Wizard began the quest for the Orb.
     0 | D:1      | Reached XP level 1. HP: 10/10 MP: 7/7
   351 | D:1      | Reached XP level 2. HP: 15/15 MP: 5/9
   362 | D:1      | Learned a level 2 spell: Blink
  1043 | D:2      | Engulfed by a cloud of flame

Vault maps used:
D:1:      evilmike_arrival_rings
D:2:      lemuel_round_altar, kennysheep_slug_shrine,
          nicolae_overflow_hidden_temple, serial_glass, glass_columns_b,
          glass_columns_a, glass_columns_b, glass_columns_a, lemuel_flame_loot_1

Skill      XL: |  1  2 |
---------------+-------+-----
Dodging        | 3 |  3.2
Stealth        | |  2.4
Spellcasting   | |  4.8
Conjurations   | |  1.9
Summonings     | |  1.1
Translocations | |  1.4

Action                   || total
-------------------------++-------
Melee: Dagger            ||     9
 Cast: Magic Dart        ||    47
 Stab: Sleeping          ||     1
Armor: Robe              ||     1
Dodge: Dodged            ||    13
